TOP OF THE 1ST |
Lansing Lugnuts batting - Pitching for Kannapolis Intimidators : RHP Mike Mik
|
Pitching: RHP Mike Mik
|
|
Batting: LHB Timo Gomez
|
0-0: Called Strike 0-1: Swinging Strike 0-2: Ball 1-2: Strikes out swinging
|
Batting: RHB Dylan Phillips
|
0-0: Foul Ball, location: 2F 0-1: Foul Ball, location: 2F 0-2: Ball 1-2: DOUBLE (Flyball, 8RXD, EV 99.4 MPH)
|
Batting: RHB Raul de la Cruz
|
0-0: Ball 1-0: Foul Ball, location: 2F 1-1: Called Strike 1-2: Foul Ball, location: 2F 1-2: Ball 2-2: Foul Ball, location: 2F 2-2: Foul Ball, location: 2F 2-2: Ball 3-2: Base on Balls
|
Batting: LHB Pauli Gassinger
|
0-0: Called Strike 0-1: Called Strike Dylan Phillips steals 3rd base 0-2: Ball 1-2: Grounds into double play, 4-6-3 (Groundball, 34, EV 111.2 MPH)
|
Top of the 1st over - 0 runs, 1 hit, 0 errors, 1 left on base; Lansing 0 - Kannapolis 0 |
BOTTOM OF THE 1ST |
Kannapolis Intimidators batting - Pitching for Lansing Lugnuts : RHP William Cordero
|
Pitching: RHP William Cordero
|
|
Batting: SHB Jay Gagnon
|
0-0: Ground out U3 (Groundball, 23, EV 86.9 MPH)
|
Batting: LHB Dalton Silveira
|
0-0: Called Strike 0-1: Ball 1-1: Called Strike 1-2: Fly out, F8 (Flyball, 78D, EV 93.8 MPH)
|
Batting: LHB Ryan Dyal
|
0-0: Called Strike 0-1: SINGLE (Line Drive, 4D, EV 96.9 MPH)
|
Batting: LHB Matt Hyde
|
0-0: Called Strike 0-1: Ground out 1-3 (Groundball, 13, EV 69.4 MPH)
|
Bottom of the 1st over - 0 runs, 1 hit, 0 errors, 1 left on base; Lansing 0 - Kannapolis 0 |
TOP OF THE 2ND |
Lansing Lugnuts batting - Pitching for Kannapolis Intimidators : RHP Mike Mik
|
Batting: RHB Carlos Renteria
|
0-0: Called Strike 0-1: Ball 1-1: Ball 2-1: Swinging Strike 2-2: Strikes out swinging, 2-3 out at first.
|
Batting: RHB Chris Martin
|
0-0: Swinging Strike 0-1: SINGLE (Line Drive, 34D, EV 95.0 MPH)
|
Batting: LHB Roger Escareno
|
0-0: Called Strike 0-1: Called Strike 0-2: Ball 1-2: Ball 2-2: Foul Ball, location: 2F 2-2: Grounds into double play, 4-6-3 (Groundball, 34S, EV 85.6 MPH)
|
Top of the 2nd over - 0 runs, 1 hit, 0 errors, 0 left on base; Lansing 0 - Kannapolis 0 |
BOTTOM OF THE 2ND |
Kannapolis Intimidators batting - Pitching for Lansing Lugnuts : RHP William Cordero
|
Batting: LHB Edgar Castillo
|
0-0: Ball 1-0: DOUBLE (Line Drive, 78XD, EV 112.5 MPH)
|
Batting: RHB Kikuo Sato
|
0-0: Ball 1-0: Ground out 5-3 (Groundball, 56S, EV 69.4 MPH) Edgar Castillo to third
|
Batting: RHB Mike Manchester
|
0-0: Fly out, F4 (Popup, 4S, EV 82.5 MPH)
|
Batting: RHB Jose Marquez
|
0-0: Swinging Strike 0-1: Ball 1-1: Foul Ball, location: 2F 1-2: Ground out 6-3 (Groundball, 6, EV 92.5 MPH)
|
Bottom of the 2nd over - 0 runs, 1 hit, 0 errors, 1 left on base; Lansing 0 - Kannapolis 0 |
TOP OF THE 3RD |
Lansing Lugnuts batting - Pitching for Kannapolis Intimidators : RHP Mike Mik
|
Batting: RHB Bobby Lasaguna
|
0-0: Ball 1-0: Called Strike 1-1: Swinging Strike 1-2: Strikes out swinging
|
Batting: SHB Dominik Hasek II
|
0-0: Fly out, F1 (Line Drive, P, EV 70.0 MPH)
|
Batting: LHB Timo Gomez
|
0-0: Fly out, F7 (Flyball, 7, EV 79.4 MPH)
|
Top of the 3rd over - 0 runs, 0 hits, 0 errors, 0 left on base; Lansing 0 - Kannapolis 0 |
BOTTOM OF THE 3RD |
Kannapolis Intimidators batting - Pitching for Lansing Lugnuts : RHP William Cordero
|
Batting: RHB Jerry Edmiston
|
0-0: Ground out 6-3 (Groundball, 6, EV 85.0 MPH)
|
Batting: SHB Jay Gagnon
|
0-0: Ball 1-0: Ball 2-0: Ball 3-0: Foul Ball, location: 2F 3-1: Foul Ball, location: 2F 3-2: Strikes out looking
|
Batting: LHB Dalton Silveira
|
0-0: Ball 1-0: Ball 2-0: Called Strike 2-1: SINGLE (Groundball, 4MD, EV 103.8 MPH)
|
Batting: LHB Ryan Dyal
|
0-0: Ball 1-0: Ball 2-0: Ball 3-0: Called Strike 3-1: SINGLE (Line Drive, 9S, EV 109.4 MPH) Dalton Silveira to second
|
Batting: LHB Matt Hyde
|
0-0: Fielders Choice at 2nd, 6-4 (Groundball, 6, EV 90.0 MPH)
|
Bottom of the 3rd over - 0 runs, 2 hits, 0 errors, 2 left on base; Lansing 0 - Kannapolis 0 |
TOP OF THE 4TH |
Lansing Lugnuts batting - Pitching for Kannapolis Intimidators : RHP Mike Mik
|
Batting: RHB Dylan Phillips
|
0-0: TRIPLE (Groundball, 5L, EV 100.6 MPH)
|
Batting: RHB Raul de la Cruz
|
0-0: Called Strike 0-1: Foul Ball, location: 2F 0-2: Strikes out swinging, 2-3 out at first.
|
Batting: LHB Pauli Gassinger
|
0-0: Ball 1-0: Ball 2-0: Ball 3-0: Base on Balls
|
Batting: RHB Carlos Renteria
|
0-0: Ball Pauli Gassinger steals 2nd base (no throw) 1-0: Ground out 5-3 (Groundball, 5S, EV 90.0 MPH)
|
Batting: RHB Chris Martin
|
0-0: Ball 1-0: Called Strike 1-1: Foul Ball, location: 2F 1-2: Strikes out swinging
|
Top of the 4th over - 0 runs, 1 hit, 0 errors, 2 left on base; Lansing 0 - Kannapolis 0 |
BOTTOM OF THE 4TH |
Kannapolis Intimidators batting - Pitching for Lansing Lugnuts : RHP William Cordero
|
Batting: LHB Edgar Castillo
|
0-0: Ball 1-0: SOLO HOME RUN (Flyball, 7D, EV 100.0 MPH), Distance : 363 ft
|
Batting: RHB Kikuo Sato
|
0-0: Called Strike 0-1: Foul Ball, location: 2F 0-2: SINGLE (Groundball, 6M, EV 86.2 MPH) (infield hit)
|
Batting: RHB Mike Manchester
|
0-0: Called Strike 0-1: Ball Kikuo Sato is caught stealing 2nd base 2-4 1-1: Ball 2-1: Swinging Strike 2-2: Foul Ball, location: 2F 2-2: Ball 3-2: Foul Ball, location: 2F 3-2: Foul Ball, location: 2F 3-2: Foul Ball, location: 2F 3-2: Ground out 6-3 (Groundball, 56, EV 108.1 MPH)
|
Batting: RHB Jose Marquez
|
0-0: Ball 1-0: Ball 2-0: Ball 3-0: Base on Balls
|
Batting: RHB Jerry Edmiston
|
0-0: Ball 1-0: Ball 2-0: Fly out, F4 (Line Drive, 4, EV 65.0 MPH)
|
Bottom of the 4th over - 1 run, 2 hits, 0 errors, 1 left on base; Lansing 0 - Kannapolis 1 |
TOP OF THE 5TH |
Lansing Lugnuts batting - Pitching for Kannapolis Intimidators : RHP Mike Mik
|
Batting: LHB Roger Escareno
|
0-0: Called Strike 0-1: Ball 1-1: Ball 2-1: Foul Ball, location: 2F 2-2: Foul Ball, location: 2F 2-2: Strikes out swinging
|
Batting: RHB Bobby Lasaguna
|
0-0: Called Strike 0-1: Ball 1-1: Ball 2-1: Ball 3-1: SINGLE (Flyball, 9LS, EV 87.5 MPH)
|
Batting: SHB Dominik Hasek II
|
0-0: Called Strike Bobby Lasaguna steals 2nd base 0-1: Swinging Strike 0-2: Ball 1-2: Ball 2-2: Foul Ball, location: 2F 2-2: Strikes out swinging
|
Batting: LHB Timo Gomez
|
0-0: Called Strike 0-1: Ball 1-1: Foul Ball, location: 2F 1-2: Strikes out swinging
|
Top of the 5th over - 0 runs, 1 hit, 0 errors, 1 left on base; Lansing 0 - Kannapolis 1 |
BOTTOM OF THE 5TH |
Kannapolis Intimidators batting - Pitching for Lansing Lugnuts : RHP William Cordero
|
Batting: SHB Jay Gagnon
|
0-0: Ball 1-0: Ball 2-0: Ball 3-0: Base on Balls
|
Batting: LHB Dalton Silveira
|
0-0: Called Strike 0-1: Fly out, F7 (Flyball, 78M, EV 93.1 MPH)
|
Batting: LHB Ryan Dyal
|
0-0: Fly out, F8 (Flyball, 89M, EV 76.9 MPH)
|
Batting: LHB Matt Hyde
|
0-0: Ball 1-0: Fly out, F8 (Flyball, 8RS, EV 90.0 MPH)
|
Bottom of the 5th over - 0 runs, 0 hits, 0 errors, 1 left on base; Lansing 0 - Kannapolis 1 |
TOP OF THE 6TH |
Lansing Lugnuts batting - Pitching for Kannapolis Intimidators : RHP Mike Mik
|
Batting: RHB Dylan Phillips
|
0-0: Ball 1-0: Called Strike 1-1: Foul Ball, location: 2F 1-2: SINGLE (Line Drive, 9LS, EV 91.2 MPH)
|
Pitching: LHP Travis Sergo
|
|
Batting: RHB Raul de la Cruz
|
0-0: Fly out, F2 (Popup, 23F, EV 80.0 MPH)
|
Pinch Hitting: RHB Kyle Scruggs
|
0-0: Called Strike 0-1: Ball 1-1: Ball 2-1: Ball 3-1: Fielders Choice at 2nd, 5-4 (Groundball, 5L, EV 101.2 MPH)
|
Batting: RHB Carlos Renteria
|
Pickoff Throw to First - Out! 1-3
|
Top of the 6th over - 0 runs, 1 hit, 0 errors, 0 left on base; Lansing 0 - Kannapolis 1 |
BOTTOM OF THE 6TH |
Kannapolis Intimidators batting - Pitching for Lansing Lugnuts : RHP William Cordero
|
Now at 1B: Roger Escareno
|
|
Now at 3B: Kyle Scruggs
|
|
Now in LF: Chris Martin
|
|
Batting: LHB Edgar Castillo
|
0-0: Ball 1-0: Called Strike 1-1: SOLO HOME RUN (Flyball, 9D, EV 93.1 MPH), Distance : 342 ft
|
Batting: RHB Kikuo Sato
|
0-0: Called Strike 0-1: Swinging Strike 0-2: Ball 1-2: Foul Ball, location: 2F 1-2: Foul Ball, location: 2F 1-2: Ground out 6-3 (Groundball, 6, EV 90.0 MPH)
|
Batting: RHB Mike Manchester
|
0-0: Ball 1-0: Ball 2-0: Called Strike 2-1: Swinging Strike 2-2: Foul Ball, location: 2F 2-2: Strikes out swinging
|
Batting: RHB Jose Marquez
|
0-0: Called Strike 0-1: Ball 1-1: Ball 2-1: Ball 3-1: Base on Balls
|
Batting: RHB Jerry Edmiston
|
0-0: Ball 1-0: Called Strike 1-1: Called Strike 1-2: Ground out U3 (Groundball, 3, EV 76.9 MPH)
|
Bottom of the 6th over - 1 run, 1 hit, 0 errors, 1 left on base; Lansing 0 - Kannapolis 2 |
TOP OF THE 7TH |
Lansing Lugnuts batting - Pitching for Kannapolis Intimidators : LHP Travis Sergo
|
Batting: RHB Carlos Renteria
|
0-0: Called Strike 0-1: Ball 1-1: Foul Ball, location: 2F 1-2: Strikes out swinging
|
Batting: RHB Chris Martin
|
0-0: Ball 1-0: Ball 2-0: Ball 3-0: Called Strike 3-1: Base on Balls
|
Pinch Hitting: RHB Cesar Chavez
|
0-0: Ball 1-0: SINGLE (Groundball, 5D, EV 94.4 MPH) Chris Martin to second
|
Batting: RHB Bobby Lasaguna
|
0-0: SINGLE (Line Drive, 8RS, EV 98.8 MPH) Chris Martin to third Cesar Chavez to second
|
Batting: SHB Dominik Hasek II
|
0-0: Called Strike 0-1: Ball 1-1: Ball 2-1: SINGLE (Line Drive, 7S, EV 86.2 MPH) Chris Martin scores Cesar Chavez to third Bobby Lasaguna to second Runner from 3rd tries for Home, SAFE, throw by LF to home
|
Pinch Hitting: RHB John Michener
|
0-0: Ball Wild Pitch! Bobby Lasaguna to third Dominik Hasek II to second 1-0: Ball 2-0: Ball 3-0: Base on Balls
|
Batting: RHB Dylan Phillips
|
0-0: Ball 1-0: Called Strike 1-1: Fly out, F8 (Flyball, 8RM, EV 91.9 MPH)
|
Batting: RHB Raul de la Cruz
|
0-0: Foul Ball, location: 2F 0-1: Fielders Choice at 2nd, 5-4 (Groundball, 56, EV 83.1 MPH)
|
Top of the 7th over - 2 runs, 3 hits, 0 errors, 3 left on base; Lansing 2 - Kannapolis 2 |
BOTTOM OF THE 7TH |
Kannapolis Intimidators batting - Pitching for Lansing Lugnuts : RHP William Cordero
|
Now at 1B: John Michener
|
|
Now in RF: Ray Whitehead
|
|
Batting: SHB Jay Gagnon
|
0-0: Ball 1-0: Ball 2-0: Swinging Strike 2-1: Foul Ball, location: 2F 2-2: Ball 3-2: Foul Ball, location: 2F 3-2: Strikes out swinging
|
Batting: LHB Dalton Silveira
|
0-0: Ball 1-0: Ground out 4-3 (Groundball, 13, EV 86.9 MPH)
|
Batting: LHB Ryan Dyal
|
0-0: Called Strike 0-1: Ball 1-1: Ground out 4-3 (Groundball, 4S, EV 73.8 MPH)
|
Bottom of the 7th over - 0 runs, 0 hits, 0 errors, 0 left on base; Lansing 2 - Kannapolis 2 |
TOP OF THE 8TH |
Lansing Lugnuts batting - Pitching for Kannapolis Intimidators : LHP Travis Sergo
|
Pitching: RHP Chris Worster
|
|
Batting: RHB Kyle Scruggs
|
0-0: Ball 1-0: SINGLE (Groundball, 6S, EV 97.5 MPH)
|
Pinch Runner at 1st Kennet Strijbis:
|
|
Pinch Hitting: LHB Frank Nelson
|
0-0: Ball Kennet Strijbis steals 2nd base 1-0: Foul Ball, location: 2F 1-1: Foul Ball, location: 2F 1-2: Ball 2-2: Ball 3-2: SINGLE (Groundball, 34S, EV 66.9 MPH) (infield hit) Kennet Strijbis to third
|
Pinch Hitting: SHB Scott Robbins
|
0-0: Ball Frank Nelson steals 2nd base 1-0: Ground out 4-3 (Groundball, 4, EV 100.0 MPH)
|
Batting: LHB Ray Whitehead
|
0-0: Intentional Walk
|
Batting: RHB Bobby Lasaguna
|
0-0: Called Strike 0-1: Ball 1-1: Grounds into fielders choice 6-2 (Groundball, 6, EV 77.5 MPH) Frank Nelson to third Ray Whitehead to second
|
Batting: SHB Dominik Hasek II
|
0-0: SINGLE (Groundball, 3D, EV 103.1 MPH) Frank Nelson scores Ray Whitehead to third Bobby Lasaguna to second Runner from 3rd tries for Home, throw by RF and OUT! 9-2
|
Top of the 8th over - 1 run, 3 hits, 0 errors, 2 left on base; Lansing 3 - Kannapolis 2 |
BOTTOM OF THE 8TH |
Kannapolis Intimidators batting - Pitching for Lansing Lugnuts : RHP William Cordero
|
Pitching: RHP Joe Spencer
|
|
Now at 3B: Elliot Manfredini
|
|
Now at SS: Kennet Strijbis
|
|
Now in LF: Jose Ontiveros
|
|
Batting: LHB Matt Hyde
|
0-0: Ball 1-0: Called Strike 1-1: Foul Ball, location: 2F 1-2: Ground out 4-3 (Groundball, 4, EV 90.0 MPH)
|
Batting: LHB Edgar Castillo
|
0-0: Foul Ball, location: 2F 0-1: Foul Ball, location: 2F 0-2: Ball 1-2: Ground out U3 (Groundball, 3, EV 79.4 MPH)
|
Pinch Hitting: LHB James Groshong
|
0-0: Foul Ball, location: 2F 0-1: Fly out, F9 (Flyball, 89M, EV 95.6 MPH)
|
Bottom of the 8th over - 0 runs, 0 hits, 0 errors, 0 left on base; Lansing 3 - Kannapolis 2 |
TOP OF THE 9TH |
Lansing Lugnuts batting - Pitching for Kannapolis Intimidators : RHP Chris Worster
|
Pitching: RHP Nate Myers
|
|
Now in RF: James Groshong
|
|
Batting: RHB John Michener
|
0-0: SINGLE (Line Drive, 34, EV 97.5 MPH)
|
Batting: RHB Dylan Phillips
|
0-0: Bunted foul 0-1: Called Strike 0-2: Ball 1-2: Ball 2-2: Ball 3-2: Foul Ball, location: 2F 3-2: Base on Balls John Michener to second
|
Batting: RHB Raul de la Cruz
|
0-0: Called Strike 0-1: Foul Ball, location: 2F 0-2: Ball 1-2: Foul Ball, location: 2F 1-2: Foul Ball, location: 2F 1-2: Foul Ball, location: 2F 1-2: Fielders Choice at 2nd, 1-4 (Groundball, 15S, EV 72.5 MPH) John Michener to third
|
Batting: RHB Kennet Strijbis
|
0-0: Ball Raul de la Cruz steals 2nd base (no throw) 1-0: Foul Ball, location: 2F 1-1: Ball 2-1: Foul Ball, location: 2F 2-2: Fly out, F8 (Flyball, 8RXD, EV 85.6 MPH) Runner from 3rd tags up, SCORES, no throw by CF
|
Batting: RHB Elliot Manfredini
|
0-0: Called Strike 0-1: Ball 1-1: Foul Ball, location: 2F 1-2: Ball 2-2: Ground out 5-3 (Groundball, 5, EV 81.2 MPH)
|
Top of the 9th over - 1 run, 1 hit, 0 errors, 1 left on base; Lansing 4 - Kannapolis 2 |
BOTTOM OF THE 9TH |
Kannapolis Intimidators batting - Pitching for Lansing Lugnuts : RHP Joe Spencer
|
Pitching: RHP Chris Kroesen
|
|
Now at 2B: Kennet Strijbis
|
|
Now at SS: Jamie Ogilvie
|
|
Batting: RHB Mike Manchester
|
0-0: Called Strike 0-1: Called Strike 0-2: Ball 1-2: Ball 2-2: Ball 3-2: Strikes out looking
|
Pinch Hitting: LHB Ryan Rodgers
|
0-0: Called Strike 0-1: Ball 1-1: Ball 2-1: Called Strike 2-2: Reached via error on a dropped throw from 1B, E1 (Groundball, 34, EV 107.5 MPH)
|
Batting: RHB Jerry Edmiston
|
0-0: Fly out, F8 (Line Drive, 89M, EV 111.2 MPH)
|
Batting: SHB Jay Gagnon
|
0-0: SINGLE (Groundball, 15S, EV 75.0 MPH) (infield hit) Ryan Rodgers to second
|
Batting: LHB Dalton Silveira
|
0-0: Ball 1-0: Ball 2-0: Ball 3-0: Called Strike 3-1: Foul Ball, location: 2F 3-2: Foul Ball, location: 2F 3-2: Strikes out swinging
|
Bottom of the 9th over - 0 runs, 1 hit, 1 error, 2 left on base; Lansing 4 - Kannapolis 2 |
|